 Dungeon Crawl Stone Soup version 0.17-a0-1914-gde4187c (webtiles) character file.

2239 musteatbrain the Protected (level 9, -6/79 HPs)
             Began as a Minotaur Berserker on Sept 26, 2015.
             Was an Elder of Trog.
             Mangled by an orc warrior
             ... wielding a +0 short sword
              (17 damage)
             ... on level 6 of the Dungeon.
             The game lasted 00:23:04 (5507 turns).

musteatbrain the Protected (Minotaur Berserker)     Turns: 5507, Time: 00:23:04

Health: -6/79      AC: 11    Str: 23    XL:     9   Next: 14%
Magic:  8/8        EV: 16    Int:  4    God:    Trog [****..]
Gold:   347        SH:  0    Dex: 12    Spells: 0 memorised, 8 levels left

rFire  + . .     SeeInvis .     D - +0 battleaxe
rCold  x . .     Clarity  .     C - +0 scale mail
rNeg   . . .     SustAt   .     (no shield)
rPois  .         Gourm    .     (helmet restricted)
rElec  .         Spirit   .     (no cloak)
rCorr  .         Warding  .     k - +0 pair of gloves
rMut   .         Stasis   .     f - +0 pair of boots
MR     ++...                    (no amulet)
Stlth  ..........               (no ring)
                                r - ring of fire

@: regenerating, very resistant to hostile enchantments, extremely unstealthy
A: retaliatory headbutt, horns 2, repulsion field 1
a: Burn Spellbooks, Berserk, Trog's Hand, Brothers in Arms, Renounce Religion


You were on level 6 of the Dungeon.
You worshipped Trog.
Trog was greatly pleased with you.
You were hungry.

You visited 1 branch of the dungeon, and saw 6 of its levels.

You collected 347 gold pieces.

Inventory:

Hand weapons
 s - a +2 flail of crushing
 v - a +1 whip of freezing
 D - a +0 battleaxe (weapon)
Armour
 b - a +1 animal skin
 f - a +0 pair of boots (worn)
 k - a +0 pair of gloves (worn)
 C - a +0 scale mail (worn)
Jewellery
 m - an uncursed ring of sustain attributes {unknown}
 r - a ring of fire (left hand)
Magical devices
 h - a wand of flame (18)
 i - a wand of random effects (33)
 j - a wand of random effects (35)
 u - a wand of teleportation (4)
 w - a wand of disintegration (3)
 A - a wand of draining (8)
Scrolls
 c - a scroll of magic mapping
 o - 4 scrolls of remove curse
 x - a scroll of fog {unknown}
 y - 3 scrolls of teleportation {unknown}
 z - 2 scrolls of amnesia {unknown}
 E - a scroll of immolation {unknown}
Potions
 a - a potion of ambrosia {unknown}
 d - a potion of cancellation
 e - 6 potions of curing
 g - 2 potions of might
 n - a potion of flight {unknown}
 q - 4 potions of resistance
 t - 2 potions of brilliance {unknown}
 B - a potion of mutation {unknown}
Comestibles
 l - 2 meat rations
 p - 2 slices of pizza
 F - 4 chunks of flesh
 G - a beef jerky


   Skills:
 + Level 7.3 Fighting
 + Level 7.1 Axes
 - Level 8.6 Armour
 - Level 7.8 Dodging


You had 8 spell levels left.
You didn't know any spells.

Dungeon Overview and Level Annotations

Branches:
Dungeon (6/15)
 Temple: D:4-7

Altars:
Fedhas
Nemelex Xobeh
Qazlal

Shops:
D:4 ?   D:6 =!!*


Innate Abilities, Weirdness & Mutations

You reflexively headbutt those who attack you in melee.
You have a pair of horns on your head.
You are surrounded by a mild repulsion field (EV +2).


Message History

You headbutt the orc warrior, but do no damage.
The orc warrior is almost dead.
You closely miss the orc.
The orc is heavily wounded.
You slash the orc wizard!
You kill the orc wizard!
Trog accepts your kill.
Trog appreciates your killing of a magic user.
The orc completely misses you.
The orc warrior hits you with a short sword.
The orc hits you but does no damage.
You hit the orc warrior but do no damage.
The orc warrior is almost dead.
You hit the orc.
You kill the orc!
Trog accepts your kill.
The orc warrior hits you with a short sword!
* * * LOW HITPOINT WARNING * * *
The orc warrior hits you with a short sword!
You die...

............# ..# #.
#.... ............# ###
# #.... ..#.#+#.....#
##+## #....
..#.#...###.# #.....
#.... ..+.###.###'###
+...... ####.
..#......)....###....♣..
#....
#.#.##.###...###...♣...♣
##... #....#.#
#..##.#........ ##..
#.#..#.# #.....'@)♣ ##.
######.# #..##.#)o....[.
##.. .......#
#######...♣...♣ ##...
######## ##....♣.. #....
(# +...... ##### .#
#..... #.... .# ##+##
#..## .# #..# .# #..#


You could see an orc warrior.

Vanquished Creatures
  Pikel (D:5)
  Eustachio (D:5)
  2 ice beasts
  2 sky beasts (D:6)
  2 centaurs
  A phantom (D:4)
  4 slaves (D:5)
  A scorpion (D:4)
  A water moccasin skeleton (D:4)
  2 crimson imps
  A gnoll shaman (D:6)
  A hound (D:4)
  4 orc priests
  3 orc wizards
  A giant frog skeleton (D:5)
  Jessica (D:2)
  Natasha (thrice) (D:2)
  7 worker ants
  2 worker ant zombies
  Robin (D:2)
  6 adders
  8 gnolls
  An ooze (D:3)
  4 worms
  5 giant geckos
  18 orcs
  9 giant cockroaches
  13 goblins
  15 hobgoblins
  6 jackals (D:1)
  9 kobolds
  3 quokkas
  A ball python (D:1)
  8 bats
  5 giant newts
  8 rats
160 creatures vanquished.

Notes
Turn   | Place    | Note
--------------------------------------------------------------
     0 | D:1      | musteatbrain the Minotaur Berserker began the quest for the Orb.
     0 | D:1      | Reached XP level 1. HP: 19/19 MP: 0/0
   105 | D:1      | Reached skill level 4 in Axes
   136 | D:1      | Reached XP level 2. HP: 6/27 MP: 1/1
   572 | D:1      | Acquired Trog's second power
   744 | D:1      | Reached XP level 3. HP: 24/34 MP: 2/2
   996 | D:2      | Noticed Robin
  1003 | D:2      | Killed Robin
  1072 | D:2      | Reached skill level 5 in Fighting
  1072 | D:2      | Reached XP level 4. HP: 31/42 MP: 3/3
  1113 | D:2      | Reached skill level 5 in Axes
  1175 | D:2      | Found a stormy altar of Qazlal.
  1220 | D:2      | Noticed Natasha
  1225 | D:2      | Killed Natasha
  1254 | D:2      | Noticed Natasha
  1262 | D:2      | Killed Natasha
  1285 | D:2      | Noticed Natasha
  1291 | D:2      | Killed Natasha
  1602 | D:2      | Noticed Jessica
  1611 | D:2      | Killed Jessica
  1611 | D:2      | Reached XP level 5. HP: 45/50 MP: 4/4
  2107 | D:3      | Reached skill level 6 in Fighting
  2138 | D:3      | Acquired Trog's third power
  2151 | D:3      | Noticed a centaur
  2161 | D:3      | Killed a centaur
  2161 | D:3      | Reached XP level 6. HP: 25/58 MP: 5/5
  2679 | D:4      | Found Jeisuca's Magic Scroll Shop.
  2907 | D:4      | Reached XP level 7. HP: 64/64 MP: 6/6
  3255 | D:4      | Found a blossoming altar of Fedhas.
  3368 | D:5      | Entered Level 5 of the Dungeon
  3452 | D:5      | Noticed Pikel
  3463 | D:5      | Killed Pikel
  3463 | D:5      | Reached skill level 5 in Dodging
  3463 | D:5      | Reached XP level 8. HP: 34/71 MP: 7/7
  3728 | D:5      | Reached skill level 7 in Armour
  4177 | D:5      | Noticed Eustachio
  4190 | D:5      | Killed Eustachio
  4588 | D:6      | HP: 1/71 [ice beast (15)]
  4591 | D:6      | Reached skill level 8 in Armour
  4950 | D:6      | Gained mutation: You are frail (-10% HP). [mutagenic meat]
  4955 | D:6      | Lost mutation: You are frail (-10% HP). [potion of cure mutation]
  4956 | D:6      | Gained mutation: You are surrounded by a mild repulsion field (EV +2). [mutagenic meat]
  4957 | D:6      | Gained mutation: You are frail (-10% HP). [mutagenic meat]
  4958 | D:6      | Lost mutation: You are frail (-10% HP). [mutagenic meat]
  5002 | D:6      | Reached XP level 9. HP: 71/78 MP: 8/8
  5012 | D:6      | Found Kaxotrilat's Jewellery Shop.
  5090 | D:6      | Found Esoq's Distillery.
  5190 | D:6      | Found Zetovyal's General Store.
  5338 | D:6      | Found Eboyzan's Distillery.
  5359 | D:6      | Found a sparkling altar of Nemelex Xobeh.
  5507 | D:6      | Mangled by an orc warrior

Vault maps used:
D:1:      dpeg_arrival_rooms_a
D:2:      grunt_qazlal_clouds, first_bread, minmay_crystal_water,
          minmay_misc_feat_room, uniq_natasha, uniq_robin, uniq_jessica
D:4:      nicolae_overflow_hidden_temple, serial_shops, nicolae_shop_stone
D:5:      minmay_misc_feat_four_crosses, uniq_pikel, uniq_eustachio
D:6:      kennysheep_mini_moat, grunt_temple_overflow_octagram, serial_shops,
          nicolae_shop_behind_doors, shop, nicolae_shop_crystal, shop,
          uniq_crazy_yiuf_cottage

Action                   |  1- 3 |  4- 6 |  7- 9 || total
-------------------------+-------+-------+-------++-------
Melee: Hand axe          |    86 |    85 |       ||   171
       Flail             |       |    60 |   104 ||   164
       Battleaxe         |       |       |    73 ||    73
Invok: Berserk           |     1 |       |     1 ||     2
       Trog's Hand       |       |     1 |     2 ||     3
  Use: Scroll            |       |    10 |     3 ||    13
       Potion            |       |     1 |     3 ||     4
 Stab: Sleeping          |       |     3 |       ||     3
  Eat: Bread ration      |     1 |     1 |       ||     2
       Chunk             |       |       |     7 ||     7
       Meat ration       |       |       |     1 ||     1
